 Dungeon Crawl Stone Soup version 0.30.1-9-gdf580d7c3d (webtiles) character file.

Game seed: 18314361011249120571

63 MKJORY the Covered (level 3, -1/33 HPs)
             Began as an Armataur Fighter on Oct 1, 2023.
             Slain by Terence
             ... wielding a +5 mace of protection
              (6 damage)
             ... on level 3 of the Dungeon.
             The game lasted 00:05:07 (1411 turns).

MKJORY the Covered (Armataur Fighter)               Turns: 1411, Time: 00:05:08

Health: -1/33      AC:  6    Str: 23    XL:     3   Next: 89%
Magic:  12/12      EV:  7    Int:  8    God:
Gold:   173        SH:  4    Dex:  9    Spells: 2/2 levels left

rFire   . . .        a - +0 flail
rCold   . . .        c - +0 buckler
rNeg    + . .        b - +0 scale mail
rPois   .            (no helmet)
rElec   .            (no cloak)
rCorr   .            (no gloves)
SInv    .            (no barding)
Will    .....        (no amulet) Stlth
                     g - ring of positive energy
HPRegen 0.25/turn    f - ring of magical power
MPRegen 0.13/turn

%: roll
@: no status effects
A: large, rugged brown scales 3, deformed body, armoured tail, roll, long
tongue, awkward tongue
a: no special abilities


You were on level 3 of the Dungeon.
You visited 1 branch of the dungeon, and saw 3 of its levels.

You collected 173 gold pieces.

Inventory:

Hand Weapons
 a - a +0 flail (weapon)
 h - a +0 sling
Armour
 b - a +0 scale mail (worn)
 c - a +0 buckler (worn)
Jewellery
 f - a ring of magical power (right hand)
 g - a ring of positive energy (left hand)
 s - a ring of wizardry
 u - an amulet of faith
Scrolls
 e - a scroll of poison {unknown}
 j - 2 scrolls of enchant weapon {unknown}
 k - a scroll of vulnerability {unknown}
 o - a scroll of silence {unknown}
 r - a scroll of noise {unknown}
Potions
 d - a potion of might
 i - a potion of ambrosia {unknown}
 l - 3 potions of haste {unknown}
 m - a potion of cancellation {unknown}
 n - a potion of magic {unknown}
 p - 3 potions of flight {unknown}
 q - 3 potions of curing {unknown}
 t - a potion of lignification {unknown}
 v - a potion of berserk rage {unknown}
 w - a potion of brilliance {unknown}
 x - a potion of heal wounds {unknown}


   Skills:
 * Level 3.5 Fighting
 * Level 2.9 Maces & Flails
 - Level 3.6 Armour
 + Level 3.5 Shields


You had 2 spell levels left.
You didn't know any spells.
Your spell library contained the following spells:

 Spells                   Type           Power      Damage    Failure   Level
 Tukima's Dance           Hex            0%         N/A       98%         3
 Passage of Golubria      Tloc           0%         N/A       100%        4
 Yara's Violent Unravell  Hex/Tmut       0%         3d3       100%        5


Dungeon Overview and Level Annotations

Branches:
Dungeon (3/15)

Altars:
Vehumet

Annotations:
D:3 Terence


Innate Abilities, Weirdness & Mutations

You are completely covered in rugged brown scales. (AC +3, +7% HP)
Armour fits poorly on your strangely shaped body.
You have a long armoured tail.
You roll when moving toward enemies. (Rampage)
Your long tongue fully drains potion bottles. (2x potion effects)
Your tongue gives you trouble enunciating. (1.5x scroll delay)


Message History

A hobgoblin comes into view. x2
The goblin unwields a +0 club.
The goblin wields a +0 sling.
The goblin shoots a sling bullet.
The sling bullet hits you but does no damage.
The goblin shoots a sling bullet.
The sling bullet hits you but does no damage.
The goblin shoots a sling bullet.
The sling bullet hits you but does no damage.
A hobgoblin comes into view.
The goblin unwields a +0 sling.
The goblin wields a +0 club.
The goblin hits you with a +0 club.
You closely miss Terence.
You tail-slap Terence, but do no damage.
Terence barely misses you. The goblin hits you but does no damage.
You hit Terence.
Terence is lightly wounded.
Terence closely misses you. The goblin hits you but does no damage.
Terence hits you with a +5 mace of protection.
You completely miss Terence.
Terence is lightly wounded.
The goblin hits you but does no damage.
Terence hits you with a +5 mace of protection.
You hit Terence but do no damage.
Terence is lightly wounded.
The goblin hits you but does no damage.
Terence hits you with a +5 mace of protection.
The goblin hits you but does no damage.
You hit Terence.
Terence is moderately wounded.
Terence hits you with a +5 mace of protection.
* * * LOW HITPOINT WARNING * * *
The goblin hits you but does no damage.
You barely miss Terence.
Your tail-slap misses Terence.
Terence is moderately wounded.
Terence hits you with a +5 mace of protection.
* * * LOW HITPOINT WARNING * * *
The goblin hits you with a +0 club.
* * * LOW HITPOINT WARNING * * *
Terence hits you with a +5 mace of protection.
You die... ... .. .. ##. # .gg

#. #g# #.######g###### #
#♣..♣..♣@@...∩# ###
###............... ..
.......$........## ##
#...∩.....∩..8# .######
#......=).....# ......#
#...............
.####.###∩........∩..∩#.
## #.##...............
#####.##..†............


You could see Terence, 3 hobgoblins and a goblin.

Vanquished Creatures
  2 adders (D:2)
  A worm (D:2)
  A dart slug (D:2)
  5 ball pythons
  3 endoplasms
  A giant cockroach (D:3)
  4 goblins
  2 hobgoblins (D:1)
  7 kobolds
  A quokka (D:2)
  6 bats
  3 frilled lizards
  4 rats
40 creatures vanquished.

Notes
Turn   | Place    | Note
-------+----------+-------------------------------------------
     0 | D:1      | MKJORY the Armataur Fighter began the quest for the Orb.
     0 | D:1      | Reached XP level 1. HP: 19/19 MP: 1/1
   261 | D:1      | Reached XP level 2. HP: 27/27 MP: 2/2
   740 | D:2      | Reached XP level 3. HP: 31/33 MP: 3/3
  1102 | D:2      | Found a radiant altar of Vehumet.
  1383 | D:3      | Found a faded altar of an unknown god.
  1400 | D:3      | Noticed Terence
  1411 | D:3      | Slain by Terence

Illustrated notes

Levels and vault maps discovered:
D:1:      psy_arrival_radial01, layout_rooms, chequers_serial_rivers_large_a,
          minmay_split_cup_large
D:2:      layout_basic, basic_altar
D:3:      layout_loops_ring, mainiacjoe_overflow_brackets,
          hellmonk_ecumenical_altar_arch_garden, uniq_crazy_yiuf_cottage,
          uniq_terence, uniq_grinder

Skill      XL: |  1 |
---------------+----+-----
Maces & Flails | 2 |  2.9
Fighting       | 3 |  3.5
Armour         | |  3.6
Shields        | |  3.5

Action                     || total
---------------------------++-------
  Melee: Flail             ||   125
         Tailslap          ||    12
 Armour: Scale mail        ||    76
  Dodge: Dodged            ||    64
  Block: Buckler           ||    25
